 Dungeon Crawl Stone Soup version 0.18.1-6-gd335043 (webtiles) character file.

86 m0ast the Ruffian (level 4, 0/37 HPs)
             Began as a Ghoul Warper on May 16, 2016.
             Slain by an orc wizard
             ... wielding a +0 dagger
              (4 damage)
             ... on level 3 of the Dungeon.
             The game lasted 00:28:17 (2681 turns).

m0ast the Ruffian (Ghoul Warper)                    Turns: 2681, Time: 00:28:19

Health: 0/37       AC:  4    Str: 15    XL:     4   Next: 49%
Magic:  6/6        EV: 11    Int:  8    God:
Gold:   190        SH:  0    Dex:  8    Spells: 3 memorised, 2 levels left

rFire  . . .     SeeInvis .       - Unarmed
rCold  + . .     Gourm    .     a - +0 leather armour
rNeg   + + +     Faith    .     (no shield)
rPois  ∞         Spirit   .     (no helmet)
rElec  .         Dismiss  .     (no cloak)
rCorr  .         Reflect  .     (no gloves)
SustAt .         Harm     .     s - +0 pair of boots
MR     .....                    (no amulet)
Stlth  +.........               (no ring)
                                (no ring)

@: very slightly contaminated, rotting, slowed, very slow, not resistant to
hostile enchantments, very unstealthy
A: rotting body, claws 1, carnivore 3, cold resistance 1, negative energy
resistance 3, slow regeneration 1, torment resistance, unbreathing
a: no special abilities


You were on level 3 of the Dungeon.
You were not hungry.

You visited 1 branch of the dungeon, and saw 3 of its levels.

You collected 190 gold pieces.

Inventory:

Missiles
 d - 5 tomahawks of dispersal (quivered)
Armour
 a - a +0 leather armour (worn)
 n - a +2 chain mail of poison resistance
 s - a +0 pair of boots (worn)
Jewellery
 c - a cursed ring of teleportation {unknown}
 h - an uncursed ring of stealth {unknown}
 l - an uncursed ring of see invisible {unknown}
Scrolls
 e - 3 scrolls of remove curse {unknown}
 i - a scroll of amnesia {unknown}
 k - a scroll of recharging {unknown}
 q - a scroll of fog {unknown}
 r - 4 scrolls of identify {unknown}
 t - a scroll of random uselessness {unknown}
 v - a scroll of magic mapping {unknown}
 x - a scroll of enchant armour {unknown}
Potions
 g - a potion of cure mutation {unknown}
 j - a potion of brilliance {unknown}
 m - a potion of flight {unknown}
 p - a potion of agility {unknown}
 w - a potion of berserk rage {unknown}
Books
 b - a book of Spatial Translocations

   Spells                             Type                      Level
   a - Apportation                    Translocation                1
   b - Blink                          Translocation                2
   c - Shroud of Golubria             Charms/Translocation         2
   d - Portal Projectile              Translocation                3
   e - Teleport Other                 Translocation                3
   f - Passage of Golubria            Translocation                4
Comestibles
 f - 2 meat rations
 o - 3 bread rations
 u - 2 chunks of flesh


   Skills:
 + Level 2.4 Fighting
 + Level 1.4 Throwing
 + Level 1.2 Armour
 * Level 2.2 Dodging
 * Level 3.3 Unarmed Combat
 + Level 2.0 Spellcasting
 + Level 3.1 Translocations


You had 2 spell levels left.
You knew the following spells:

 Your Spells              Type           Power        Failure   Level  Hunger
a - Apportation           Tloc           #.........   14%         1    ##.....
b - Blink                 Tloc           N/A          21%         2    ###....
c - Shroud of Golubria    Chrm/Tloc      #.........   34%         2    ###....


Dungeon Overview and Level Annotations

Branches:
Dungeon (3/15)

Altars:
Kikubaaqudgha
Makhleb
Xom
Yredelemnul

Annotations:
D:3 Jessica


Innate Abilities, Weirdness & Mutations

Your body is rotting away.
You thrive on raw meat.
You are immune to poison.
You have sharp fingernails.
You are carnivorous and can eat meat at any time.
Your flesh is cold resistant.
You are immune to negative energy.
You regenerate slowly when monsters are visible.
You are immune to unholy pain and torment.
You can survive without breathing.


Message History

The orc wizard seems to speed up.
The orc misses you.
Some of the chunks of flesh in your inventory have rotted away.
The orc hits you but does no damage. The orc misses you.
You open the door. The orc hits you but does no damage.
Found a moonstone ring.
The orc closely misses you.
There is an open door here.
The orc wizard casts a spell at you. The magic dart hits you!
* * * LOW HITPOINT WARNING * * *
The orc wizard points at you and mumbles some strange words.
The magic dart hits you!
* * * LOW HITPOINT WARNING * * *
The orc hits you but does no damage.
An orc opens the door.
You see here a moonstone ring.
c - a moonstone ring The orc shouts!
The orc hits you but does no damage. The orc wizard hits you with a dagger.
You die...

####### .......
######## ........
.......#
######################
.......#
........o..@o.o......)
.......#
#.####@####.####o####
.#...#.# +.@#.# +.'.
#.# # ##...# # #oo#.#
#.#$.#.# # ##...# #
##+#.##'#.##+#.# +#.#
# ##...#.#
........@r@...... ...
. ##.....#
##+#.##o#.##+#.## #.#
# #....### # ..#.# #o#
#.# # #..#.# ..'.' #
...#.# ###.## ##.####
.....# ..o ....r.r


You could see an orc wizard, Jessica and 2 orcs.

Vanquished Creatures
  An orc wizard (D:3)
  3 dart slugs (D:1)
  A giant gecko (D:2)
  An orc (D:3)
  A ball python (D:2)
  A giant cockroach (D:3)
  5 goblins
  6 hobgoblins
  6 jackals
  A quokka (D:2)
  4 bats
  5 giant newts
  6 kobolds
  6 rats
  A plant (D:2)
48 creatures vanquished.

Notes
Turn   | Place    | Note
--------------------------------------------------------------
     0 | D:1      | m0ast the Ghoul Warper began the quest for the Orb.
     0 | D:1      | Reached XP level 1. HP: 17/17 MP: 2/2
    17 | D:1      | Reached skill level 1 in Throwing
    17 | D:1      | Reached skill level 1 in Armour
    59 | D:1      | Reached XP level 2. HP: 14/24 MP: 3/3
   486 | D:1      | Learned a level 2 spell: Blink
   747 | D:1      | Reached XP level 3. HP: 23/27 MP: 4/4
  1542 | D:2      | Learned a level 2 spell: Shroud of Golubria
  1729 | D:2      | Found a shimmering altar of Xom.
  1729 | D:2      | Found a burning altar of Makhleb.
  1732 | D:2      | Found a basalt altar of Yredelemnul.
  2542 | D:3      | Reached XP level 4. HP: 27/36 MP: 3/6
  2556 | D:3      | Found an ancient bone altar of Kikubaaqudgha.
  2666 | D:3      | Noticed Jessica
  2681 | D:3      | Slain by an orc wizard

Skill      XL: |  1  2  3 |
---------------+----------+-----
Throwing       | 1 |  1.4
Armour         | 1 |  1.2
Dodging        | 2 |  2.2
Unarmed Combat | 3 |  3.3
Spellcasting   | 2 |  2.0
Translocations | 3 |  3.1
Fighting       | |  2.4

Action                   |  1- 3 |  4- 6 || total
-------------------------+-------+-------++-------
Melee: Unarmed           |   166 |    17 ||   183
       Punch             |     1 |       ||     1
 Cast: Blink             |     1 |     3 ||     4
       Shroud of Golubri |     1 |       ||     1
  Use: Scroll            |       |     1 ||     1
  Eat: Chunk             |     9 |     1 ||    10
Armor: Leather armour    |    48 |     9 ||    57
Dodge: Dodged            |    62 |    14 ||    76
